 Dungeon Crawl Stone Soup version 0.22-a0-293-gc9362ec (webtiles) character file.

2 mhoghedin the Chiller (level 1, -1/14 HPs)
             Began as a Ghoul Ice Elementalist on Mar 24, 2018.
             Slain by an ooze (3 damage)
             ... on level 1 of the Dungeon.
             The game lasted 00:00:37 (89 turns).

mhoghedin the Chiller (Ghoul Ice Elementalist)        Turns: 89, Time: 00:00:37

Health: -1/14      AC:  2    Str: 11    XL:     1   Next: 30%
Magic:  0/2        EV: 12    Int: 10    God:
Gold:   11         SH:  0    Dex:  9    Spells: 2/3 levels left

rFire    . . .     SeeInvis .   b - -3 dagger (curse)
rCold    + . .     Gourm    .   (no shield)
rNeg     + + +     Faith    .   a - +0 robe
rPois    ∞         Spirit   .   (no helmet)
rElec    .         Reflect  .   (no cloak)
rCorr    .         Harm     .   (no gloves)
MR       .....                  (no boots)
Stlth    ++........             (no amulet)
HPRegen  0.00/turn              (no ring)
MPRegen  0.08/turn              (no ring)

@: very slightly contaminated, rotting
A: rotting body, claws 1, carnivore, cold resistance 1, negative energy
resistance 3, inhibited regeneration, torment resistance, unbreathing
a: no special abilities


You were on level 1 of the Dungeon.
You were not hungry.

You visited 1 branch of the dungeon, and saw 1 of its levels.

You collected 11 gold pieces.

Inventory:

Hand Weapons
 b - a cursed -3 dagger (weapon)
   (You found it on level 1 of the Dungeon)
Armour
 a - a +0 robe (worn)
Comestibles
 c - a ration


   Skills:
 - Level 1.7 Dodging
 - Level 2.1 Stealth
 - Level 1.7 Spellcasting
   Level 0.7 Conjurations
 + Level 3.4 Ice Magic


You had 2 spell levels left.
You knew the following spells:

 Your Spells              Type           Power        Failure   Level  Hunger
a - Freeze                Ice            #...         8%          1    ##.....


Dungeon Overview and Level Annotations

Branches:
Dungeon (1/15)

Altars:


Innate Abilities, Weirdness & Mutations

Your body is rotting away.
You thrive on raw meat.
You are immune to poison.
You have sharp fingernails.
You are carnivorous and can eat meat at any time.
Your flesh is cold resistant. (rC+)
You are immune to negative energy. (rN+++)
You do not regenerate when monsters are visible.
You are immune to unholy pain and torment.
You can survive without breathing.


Message History

Welcome, mhoghedin the Ghoul Ice Elementalist.
It is said that the Orb of Zot exists deep within this dungeon.
Found a staircase leading out of the dungeon.
You now have 11 gold pieces.
A frilled lizard, a bat, a rat and a hobgoblin come into view.
You found a teleport trap!
Aim: a rat You freeze the rat.
You kill the rat!
You now have 1/2 mp.
MP restored: 2
Found a runed dagger.
Found a stone staircase leading down.
You see here a runed dagger.
b - a runed dagger It sticks to your claw!
b - a cursed -3 dagger (weapon)
You aren't carrying any scrolls.
There is a stone staircase leading down here.
As you open the door, it creaks loudly!
You hear a shout!
There is an open door here.
A kobold comes into view. It is wielding a short sword.
A kobold is nearby!
A rat comes into view.
The kobold hits you with a short sword.
You take 2 damage, and have 12/14 hp.
Unknown command.
Aim: a kobold, wielding a short sword You freeze the kobold.
The kobold hits you with a short sword.
You take 5 damage, and have 7/14 hp.
MASSIVE DAMAGE!!
You now have 1/2 mp.
Unknown command.
Aim: a kobold, wielding a short sword (severely wounded)
You freeze the kobold.
You kill the kobold!
You now have 0/2 mp.
The rat barely misses you.
You see here a short sword.
You hit the rat but do no damage. The rat barely misses you.
You hit the rat but do no damage. The rat bites you.
An ooze comes into view.
You take 1 damage, and have 6/14 hp.
The ooze quivers.
You hit the rat but do no damage. The rat closely misses you.
You completely miss the rat. The rat bites you.
You take 1 damage, and have 5/14 hp.
You closely miss the rat. The rat barely misses you.
You hit the rat. The rat closely misses you.
You hit the rat.
You kill the rat!
The ooze hits you but does no damage.
You see here a rat corpse.
You hit the ooze but do no damage. The ooze barely misses you.
You hit the ooze. The ooze hits you.
* * * LOW HITPOINT WARNING * * *
You take 3 damage, and have 2/14 hp.
MASSIVE DAMAGE!!
Aim: an ooze (lightly wounded)
You miscast Freeze.
You are very lightly contaminated with residual magic.
You feel a strange surge of energy! The ooze completely misses you.
You now have 0/2 mp.
You barely miss the ooze. The ooze hits you but does no damage.
You hit the ooze but do no damage. The ooze hits you.
You die...

#. #. . #. #.####.
######## .....
#......# #... #......#
####...####......#
.......@J........#
#########...#'########
.......+.........
####...#.########
........ +....>##
........ ###......#
........ ..#......#
..P≈≈≈≈≈≈≈≈P.
#.#......#
..≈≈≈≈≈≈≈≈≈≈.#
#.#......#


You could see an ooze.

Vanquished Creatures
  A kobold (D:1)
  2 rats (D:1)
3 creatures vanquished.

Notes
Turn   | Place    | Note
-------+----------+-------------------------------------------
     0 | D:1      | mhoghedin the Ghoul Ice Elementalist began the quest for the Orb.
     0 | D:1      | Reached XP level 1. HP: 14/14 MP: 2/2
    86 | D:1      | HP: 2/14 [ooze (3)]
    89 | D:1      | Slain by an ooze

Vault maps used:
D:1:      giann_bridges

Action                   || total
-------------------------++-------
Melee: Dagger            ||    11
 Cast: Freeze            ||     3
Armor: Robe              ||     2
Dodge: Dodged            ||     7

Table legend:
 A = Spawn XP
 B = Non-spawn XP
 C = Spawn XP percentage of total XP
 D = Spawn monster count
 E = Non-spawn monster count
 F = Spawn count percentage of total count
 G = Total turns spent on level
                    A         B        C        D         E        F      G
               +---------+---------+-------+---------+---------+-------+---------
         Total |       0 |       3 |   0.0 |       0 |       3 |   0.0 |    89
               +---------+---------+-------+---------+---------+-------+---------
           D:1 |       0 |       3 |   0.0 |       0 |       3 |   0.0 |    89
               +---------+---------+-------+---------+---------+-------+---------

Vault maps used:
D:1:      giann_bridges

Table legend:
 A = Turns spent in this place as a percentage of turns spent in the entire game.
 B = Non-inter-level travel turns spent in this place as a percentage of non-inter-level travel turns spent in the entire game.
 C = Inter-level travel turns spent in this place as a percentage of turns spent in this place.
 D = Turns resting spent in this place as a percentage of non-inter-level travel turns spent in this place.
 E = Turns spent auto-exploring this place as a percentage of non-inter-level travel turns spent in this place.
 F = Non-inter-level travel turns spent in this place divided by the number of levels of this place that you've seen.
                   A       B       C       D       E      F
               +-------+-------+-------+-------+-------+----------------------
         Total | 100.0 | 100.0 |   0.0 |   0.0 |  40.4 |  89.0
       Dungeon | 100.0 | 100.0 |   0.0 |   0.0 |  40.4 |  89.0
               +-------+-------+-------+-------+-------+----------------------

Table legend:
 A = Kills in this place as a percentage of kills in entire the game.
 B = Kills by you in this place as a percentage of kills by you in the entire game.
 C = Kills by friends in this place as a percentage of kills by friends in the entire game.
 D = Other kills in this place as a percentage of other kills in the entire game.
 E = Experience gained in this place as a percentage of experience gained in the entire game.
 F = Experience gained in this place divided by the number of levels of this place that you have seen.
                   A       B       C       D       E      F
               +-------+-------+-------+-------+-------+----------------------
         Total | 100.0 | 100.0 |   N/A |   N/A | 100.0 |   3.0
       Dungeon | 100.0 | 100.0 |   N/A |   N/A | 100.0 |   3.0
               +-------+-------+-------+-------+-------+----------------------
